 Dungeon Crawl Stone Soup version 0.30-a0-568-g124715a40b (webtiles) character file.

Game seed: 15045118808870914526

7893 Newt the Spear-Bearer (level 11, -1/86 HPs)
             Began as a Demonspawn Gladiator on Dec 28, 2022.
             Was an Initiate of Gozag.
             Slain by a basilisk (7 damage)
             ... while petrified by a basilisk
             ... on level 1 of the Lair of Beasts.
             The game lasted 00:14:55 (10417 turns).

Newt the Spear-Bearer (Demonspawn Gladiator)       Turns: 10417, Time: 00:14:56

Health: -1/86      AC:  7    Str: 20    XL:     11   Next: 2%
Magic:  0/11       EV:  2    Int:  9    God:    Gozag
Gold:   1886       SH:  0    Dex: 14    Spells: 10/10 levels left

rFire   + . .      SeeInvis .    j - +1 scythe (protect)
rCold   + . .      Faith    .    (shield currently unavailable)
rNeg    + + +      Spirit   +    u - +0 leather armour {rC+}
rPois   ∞          Reflect  +    (helmet restricted)
rElec   .          Harm     .    (no cloak)
rCorr   .          Rampage  .    q - +0 pair of gloves
Will    .....                    (no boots)
Stlth   ++                       t - amulet of reflection
HPRegen 0.34/turn                s - ring of protection from fire
MPRegen 0.24/turn                (no ring)

@: petrified
A: antennae 1, icy blue scales 2, powered by death 3, magic shield, magic
regeneration, bedeviling
a: Renounce Religion, Potion Petition, Call Merchant, Bribe Branch


You were on level 1 of the Lair of Beasts.
You worshipped Gozag.
Gozag was most pleased with you.
You visited 2 branches of the dungeon, and saw 10 of its levels.
You also visited: Ossuary.

You collected 1937 gold pieces.
You paid 51 gold pieces to Gozag.

Inventory:

Hand Weapons
 a - a +1 rapier
 j - a +1 scythe of protection (weapon)
 K - a +0 trident
Missiles
 e - 3 javelins (quivered)
 z - 3 boomerangs of dispersal
 H - 6 poisoned darts
 J - 3 boomerangs
Armour
 b - a +0 leather armour
 c - a +0 helmet
 q - a +0 pair of gloves (worn)
 u - a +0 leather armour of cold resistance (worn)
Jewellery
 o - an amulet of guardian spirit
 s - a ring of protection from fire (left hand)
 t - an amulet of reflection (around neck)
 D - a ring of fire
Wands
 d - a wand of mindburst (11)
 g - a wand of flame (23)
 v - a wand of quicksilver (5)
 y - a wand of paralysis (5)
 F - a wand of digging (4)
 I - a wand of iceblast (2)
Scrolls
 h - 4 scrolls of noise
 n - a scroll of blinking
 p - a scroll of immolation
 r - 2 scrolls of enchant armour
 w - 2 scrolls of amnesia
 x - a scroll of brand weapon
 B - a scroll of teleportation
 C - a scroll of identify
Potions
 f - 2 potions of magic
 i - 2 potions of cancellation
 k - a potion of resistance
 l - 8 potions of curing
 m - a potion of might
 A - 3 potions of haste {unknown}
 E - a potion of lignification {unknown}
 G - a potion of attraction {unknown}


   Skills:
 - Level 8.0 Fighting
 - Level 2.6 Short Blades
 - Level 10.0 Polearms
 - Level 6.0 Throwing
 + Level 4.6 Armour
 - Level 4.0 Dodging
 - Level 3.0 Stealth
 - Level 5.0 Evocations


You had 10 spell levels left.
You didn't know any spells.
Your spell library contained the following spells:

 Spells                   Type           Power      Damage    Failure   Level
 Gell's Gravitas          Tloc           0%         N/A       80%         3
 Lesser Beckoning         Tloc           0%         N/A       80%         3
 Portal Projectile        Hex/Tloc       0%         N/A       80%         3
 Stone Arrow              Conj/Erth      0%         3d7       80%         3
 Teleport Other           Tloc           0%         N/A       80%         3
 Tukima's Dance           Hex            0%         N/A       80%         3
 Animate Armour           Summ/Erth      0%         N/A       99%         4
 Blade Hands              Tmut           0%         N/A       100%        5
 Lehudib's Crystal Spear  Conj/Erth      0%         10d2      100%        8


Dungeon Overview and Level Annotations

Branches:
Dungeon (9/15)             Temple (0/1) D:7            Lair (1/5) D:8
Ossuary (visited)
    Orc: D:9-12

Altars:
Cheibriados
Dithmenos
Fedhas
Gozag
Nemelex Xobeh
Okawaru
Qazlal
Trog
Yredelemnul

Annotations:
D:3 1 transporter, lotum's ghost, amateur DjHW


Innate Abilities, Weirdness & Mutations

You have a pair of small antennae on your head.
You are mostly covered in icy blue scales. (AC +3)
You regenerate a lot of health from kills.
When hurt, damage is shared between your health and your magic reserves.
You regenerate magic rapidly.
Your hexes are more powerful.


Message History

You resist with some effort.
You puncture the basilisk!
The basilisk is heavily wounded.
The basilisk barely misses you. The basilisk bites you.
You barely miss the basilisk.
The basilisk is heavily wounded.
The basilisk bites you but does no damage. x2
You slice the basilisk!!
The basilisk is almost dead.
The basilisk gazes at you. You resist with some effort.
The basilisk gazes at you.
You are slowing down.
You closely miss the basilisk.
The basilisk is almost dead.
The basilisk bites you. The basilisk gazes at you.
Your limbs have turned to stone.
You have turned to stone.
The basilisk barely misses you. The basilisk gazes at you.
You resist with some effort. The basilisk gazes at you.
You resist with some effort. The basilisk bites you! The basilisk bites you! x2
* * * LOW HITPOINT WARNING * * *
The basilisk gazes at you. You resist with some effort. The basilisk bites you!
* * * LOW HITPOINT WARNING * * *
The basilisk bites you!
* * * LOW HITPOINT WARNING * * *
The basilisk bites you!
* * * LOW HITPOINT WARNING * * *
The basilisk bites you. The basilisk gazes at you. You resist with some effort.
The basilisk bites you!
* * * LOW HITPOINT WARNING * * *
The basilisk bites you!
You die...
Your body crumbles into a pile of gold.

##...........
#P..............#...#
#................#..#
##...................#
#....................##
.##.....................#
#........l............#
#......<@l...........#
#..##..............#
###.######....## ###
##..## #..# #.#.# .....#
........ ........P


You could see 2 basilisks.

Vanquished Creatures
  A two-headed ogre (D:7)
  A cane toad (D:8)
  A rime drake (D:8)
  A polar bear (D:8)
  2 hornets
  Sigmund (D:2)
  A wraith (D:5)
  11 yaks
  A steam dragon (D:8)
  2 water moccasins
  An acid dragon (D:5)
  Duvessa (D:6)
  An orc warrior (D:8)
  7 ice beasts
  A black bear (D:5)
  A sky beast (D:6)
  2 wolves (D:8)
  A centaur (D:7)
  5 ogres
  A phantom (D:4)
  2 elf zombies (Ossuary)
  3 bullfrogs (D:8)
  A kobold brigand (D:8)
  2 necrophages
  A scorpion (D:5)
  4 wights (D:8)
  Dowan (D:6)
  2 howler monkeys
  A centaur zombie (Ossuary)
  3 human zombies (Ossuary)
  5 hounds
  2 jellies
  6 orc priests
  7 iguanas
  7 orc wizards
  Terence (D:2)
  3 mummies
  10 adders
  5 gnolls
  A shadow imp (D:6)
  A white imp (D:6)
  A worm (D:4)
  2 dart slugs (D:2)
  25 orcs
  13 endoplasms
  3 giant cockroaches
  7 hobgoblins
  8 jackals
  10 kobolds
  4 quokkas
  3 ball pythons (D:2)
  6 bats
  4 frilled lizards
  8 goblins
  3 goblin zombies
  10 hobgoblin zombies
  A jackal zombie (Ossuary)
  9 kobold zombies (Ossuary)
  10 orc zombies (Ossuary)
  7 rats
245 creatures vanquished.

Vanquished Creatures (others)
  2 orc wizards (D:7)
  An adder (D:2)
  A fungus (Lair:1)
4 creatures vanquished.

Grand Total: 249 creatures vanquished

Notes
Turn   | Place    | Note
-------+----------+-------------------------------------------
     0 | D:1      | Newt the Demonspawn Gladiator began the quest for the Orb.
     0 | D:1      | Reached XP level 1. HP: 16/16 MP: 1/1
    44 | D:1      | Reached skill level 1 in Stealth
    79 | D:1      | Gained mutation: You are partially covered in icy blue
                  | scales. (AC +2) [demonic ancestry]
    79 | D:1      | Reached XP level 2. HP: 13/22 MP: 2/2
   404 | D:1      | Gained mutation: You regenerate magic rapidly. [demonic
                  | ancestry]
   404 | D:1      | Reached XP level 3. HP: 24/27 MP: 3/3
   617 | D:1      | Found a faded altar of an unknown god.
   862 | D:2      | Noticed Terence
   875 | D:2      | Killed Terence
   876 | D:2      | Gained mutation: You have a pair of small antennae on your
                  | head. [demonic ancestry]
   876 | D:2      | Reached XP level 4. HP: 5/34 MP: 4/4
  1183 | D:2      | Noticed Sigmund
  1199 | D:2      | Killed Sigmund
  1200 | D:2      | Gained mutation: You regenerate a little health from kills.
                  | [demonic ancestry]
  1200 | D:2      | Reached XP level 5. HP: 29/42 MP: 5/5
  1270 | D:2      | Gained mutation: You are mostly covered in icy blue scales.
                  | (AC +3) [demonic ancestry]
  1270 | D:2      | Reached XP level 6. HP: 48/48 MP: 6/6
  1738 | D:2      | Reached skill level 1 in Polearms
  1896 | D:3      | Found a bloodstained altar of Trog.
  1898 | D:3      | Found a sparkling altar of Nemelex Xobeh.
  1958 | D:3      | Found an opulent altar of Gozag.
  2025 | D:3      | Found a transporter.
  2026 | D:3      | Noticed lotum's ghost (amateur DjHW)
  2031 | D:3      | Found a transporter.
  2059 | D:3      | Became a worshipper of Gozag Ym Sagoz the Greedy
  2176 | D:3      | Found a basalt altar of Yredelemnul.
  2179 | D:3      | Noticed a profane servitor
  2512 | D:3      | Noticed an angel
  2920 | D:4      | Reached skill level 2 in Polearms
  3292 | D:4      | Reached skill level 3 in Polearms
  3292 | D:4      | Gained mutation: When hurt, damage is shared between your
                  | health and your magic reserves. [demonic ancestry]
  3292 | D:4      | Reached XP level 7. HP: 50/54 MP: 7/7
  3692 | D:4      | Reached skill level 4 in Polearms
  4081 | D:5      | Entered Level 5 of the Dungeon
  4246 | D:5      | Reached skill level 5 in Polearms
  4679 | D:5      | Reached skill level 6 in Polearms
  4679 | D:5      | Gained mutation: You regenerate health from kills. [demonic
                  | ancestry]
  4679 | D:5      | Reached XP level 8. HP: 60/60 MP: 8/8
  4980 | D:5      | Reached skill level 5 in Fighting
  5208 | D:5      | Gained mutation: You regenerate a lot of health from kills.
                  | [demonic ancestry]
  5208 | D:5      | Reached XP level 9. HP: 63/69 MP: 6/9
  5343 | D:6      | Noticed Duvessa
  5344 | D:6      | Found a shadowy altar of Dithmenos.
  5345 | D:6      | Found a stormy altar of Qazlal.
  5345 | D:6      | Found an iron altar of Okawaru.
  5345 | D:6      | Noticed Dowan
  5346 | D:6      | Found a snail-covered altar of Cheibriados.
  5362 | D:6      | Killed Duvessa
  5365 | D:6      | Killed Dowan
  5366 | D:6      | Reached skill level 5 in Evocations
  6014 | D:7      | Paralysed by a hornet for 3 turns
  6114 | D:6      | Paralysed by a hornet for 2 turns
  6382 | D:6      | Reached skill level 5 in Throwing
  6810 | D:7      | Noticed a two-headed ogre
  7122 | D:7      | Killed a two-headed ogre
  7123 | D:7      | Reached XP level 10. HP: 39/80 MP: 7/10
  7296 | D:7      | Found a staircase to the Ecumenical Temple.
  7345 | D:7      | Found a blossoming altar of Fedhas.
  7404 | D:7      | Reached skill level 7 in Polearms
  8078 | D:8      | Paralysed by a hornet for 3 turns
  8083 | D:8      | Paralysed by a hornet for 1 turns
  8090 | D:8      | Reached skill level 8 in Polearms
  8120 | D:8      | Found a staircase to the Lair.
  8316 | D:8      | Found a sand-covered staircase.
  8323 | Ossuary  | Entered an ossuary
  8653 | Ossuary  | Reached skill level 9 in Polearms
  8903 | D:8      | Reached skill level 10 in Polearms
  9755 | Lair:1   | Entered Level 1 of the Lair of Beasts
  9768 | Lair:1   | Noticed a cane toad
 10171 | D:8      | Killed a cane toad
 10172 | D:8      | Gained mutation: Your hexes are more powerful. [demonic
                  | ancestry]
 10172 | D:8      | Reached XP level 11. HP: 49/86 MP: 9/11
 10417 | Lair:1   | Slain by a basilisk

Illustrated notes

Levels and vault maps discovered:
D:1:      arrival_zaba_pyramid, layout_rooms, chequers_ecumenical_altar_island
D:2:      layout_loops_ring, chequers_serial_rivers_micro_d,
          minmay_pentomino_u2, uniq_sigmund, uniq_terence
D:3:      wad_pebble_path, layout_basic, grunt_temple_overflow_holy_war,
          nicolae_gozag_seed_capital, mainiacjoe_overflow_catwalk_spiral,
          gammafunk_ghost_arena
D:4:      layout_layer_cave
D:5:      kennysheep_windowed_halls, layout_rooms, minmay_parallelograms,
          lemuel_flamethrower_1
D:6:      layout_rooms, chequers_temple_overflow_statue_of_worship,
          nrook_mini_vaults, uniq_duvessa
D:7:      layout_basic, mainiacjoe_overflow_paths,
          minmay_temple_entry_large_hall
D:8:      layout_loops_corners, hellmonk_lair_entry_icy,
          nicolae_ossuary_entry_giza
D:9:      layout_basic, serial_shops, shop
Lair:1:   layout_cave_pods

Skill      XL: |  1  2  3  4  5  6  7  8  9 10 |
---------------+-------------------------------+-----
Stealth        | 1 2 3 |  3.0
Fighting       | 4 6 8 |  8.0
Armour         | 2 4 |  4.6
Dodging        | 3 4 |  4.0
Polearms       | 3 6 10 | 10.0
Evocations     | 4 5 |  5.0
Throwing       | 6 |  6.0
Short Blades   | |  2.6

Action                   |  1- 3 |  4- 6 |  7- 9 | 10-12 || total
-------------------------+-------+-------+-------+-------++-------
Melee: Rapier            |   133 |    21 |       |       ||   154
       Punch             |     1 |     1 |       |       ||     2
       Halberd           |       |   130 |   417 |   373 ||   920
Throw: Throwing net      |     1 |     1 |     2 |       ||     4
       Javelin           |       |       |     4 |     2 ||     6
       Boomerang         |       |       |     2 |       ||     2
Evoke: Wand              |       |       |     5 |     1 ||     6
  Use: Scroll            |     4 |     9 |     5 |     4 ||    22
       Potion            |     1 |       |     2 |     2 ||     5
 Stab: Sleeping          |     3 |     9 |     3 |     8 ||    23
       Held in net/web   |       |     1 |     1 |       ||     2
       Distracted        |       |     1 |     3 |     1 ||     5
       Paralysed         |       |       |     3 |       ||     3
Armor: Leather armour    |    38 |   101 |   178 |   122 ||   439
Dodge: Dodged            |    97 |   157 |   258 |   203 ||   715
Block: Other             |       |       |    56 |    59 ||   115

Table legend: (Time is in decaauts)
 A = Elapsed time spent in this place.
 B = Non-inter-level travel time spent in this place.
 C = Inter-level travel time spent in this place.
 D = Time resting spent in this place.
 E = Time spent auto-exploring this place.
 F = Levels seen in this place.
 G = Mean time per level.
                   A        B        C        D        E       F      G
               +--------+--------+--------+--------+--------+-----+--------+
         Total |  10644 |  10199 |    445 |   2530 |   5240 |  11 |  967.6 |
       Dungeon |  10177 |   9733 |    444 |   2530 |   5020 |   9 | 1130.8 |
          Lair |     71 |     71 |      0 |      0 |      5 |   1 |   71.0 |
       Ossuary |    396 |    396 |      0 |      0 |    215 |   1 |  396.0 |
               +--------+--------+--------+--------+--------+-----+--------+

Top non-repeatable levels by time:
     D:8: 2134 daAuts
     D:6: 1747 daAuts
     D:5: 1281 daAuts
     D:3: 1258 daAuts
     D:4: 1082 daAuts
     D:2: 1043 daAuts
     D:7: 838 daAuts
     D:1: 789 daAuts
 Ossuary: 396 daAuts
  Lair:1: 71 daAuts
     D:9: 1 daAuts
